Map: Blackburn LE

Players

Scarlett - Winner!

  • Race: Zerg Zerg

Astrea

  • Race: Protoss Protoss

Event: DreamHack SC2 Masters 2021 Fall

VOD

Have the link to the VOD?

Description

Time

  • Played on: Aug. 15, 2021, 3:25 p.m.
  • Length: 22:28

All games in this series

Show
View Real Time Build Order
Export as new Build Order

Scarlett Zerg - Winner!

Build Orders: Hatch First, Lurkers 

Get SALT Encoding   

  12  0:00  Drone  
  13  0:12  Overlord  
  13  0:16  Drone  
  14  0:30  Drone x2  
  16  0:48  Hatchery  
  15  0:51  Drone  
  15  0:55  Drone  
  17  0:58  Drone  
  18  1:09  Extractor  
  17  1:13  Spawning Pool  
  17  1:16  Drone  
  17  1:20  Drone  
  18  1:28  Drone  
  20  1:40  Drone  
  20  1:49  Drone  
  21  2:00  Overlord  
  21  2:01  Queen x2  
  21  2:02  Zergling x2  
  26  2:11  Drone x2  
  26  2:12  Metabolic Boost  
  28  2:22  Drone x2  
  30  2:32  Drone x2  
  32  2:39  Hatchery  
  32  2:44  Queen  
  31  2:49  Overlord  
  33  2:52  Drone  
  33  2:56  Drone  
  33  2:57  Drone  
  36  3:07  Queen  
  36  3:10  Overlord  
  38  3:13  Zergling x2  
  38  3:14  Drone x2  
  38  3:15  Drone  
  42  3:21  Queen  
  44  3:34  Drone x4  
  44  3:37  Extractor x2  
  44  3:39  Roach Warren  
  45  3:45  Drone x5  
  45  3:48  Drone  
  51  3:52  Drone x3  
  54  3:56  Overlord  
  54  4:01  Overlord  
  54  4:07  Overlord x2  
  54  4:16  Overlord  
  53  4:22  Roach x2  
  57  4:24  Roach x3  
  57  4:31  Roach x2  
  67  4:36  Roach  
  67  4:37  Roach x2  
  73  4:40  Zergling x2  
  73  4:41  Zergling x2  
  74  4:48  Zergling x2  
  74  4:49  Zergling x8, Ravager  
  74  4:50  Ravager  
  81  4:54  Overlord  
  81  4:56  Ravager  
  81  4:57  Zergling x4  
  84  5:00  Zergling x2  
  84  5:05  Zergling x8  
  89  5:08  Overlord  
  89  5:13  Ravager x2  
  91  5:14  Zergling x4  
  91  5:16  Overlord  
  91  5:20  Zergling x4  
  95  5:25  Ravager  
  95  5:27  Zergling x8  
  95  5:33  Zergling x6  
  94  5:38  Zergling x2  
  94  5:39  Zergling x6  
  94  5:41  Zergling x2  
  94  5:46  Ravager  
  94  5:47  Zergling x4  
  94  5:49  Lair  
  93  5:53  Zergling x4, Ravager  
  93  5:56  Zergling x2  
  93  5:59  Zergling x2  
  93  6:00  Zergling x4  
  88  6:07  Zergling x2  
  88  6:08  Zergling x4  
  89  6:13  Spore Crawler x2  
  89  6:14  Spore Crawler  
  77  6:22  Drone x4  
  77  6:27  Queen  
  76  6:35  Drone x3  
  77  6:46  Drone x3  
  78  6:49  Overseer  
  78  6:50  Queen x2  
  76  6:55  Drone, Glial Reconstitution  
  76  6:56  Drone x2  
  76  6:59  Extractor, Evolution Chamber  
  75  7:03  Drone x2  
  77  7:12  Drone x3  
  77  7:15  Overseer  
  80  7:16  Drone  
  80  7:20  Drone  
  80  7:21  Extractor  
  80  7:22  Extractor  
  80  7:26  Drone x2  
  80  7:29  Hatchery, Zerg Missile Weapons Level 1  
  80  7:36  Drone  
  80  7:37  Drone x5  
  86  7:40  Pneumatized Carapace  
  85  7:50  Drone x4  
  89  7:54  Overlord  
  89  7:55  Overlord x2  
  89  7:59  Roach x2  
  89  8:00  Overlord, Infestation Pit  
  89  8:04  Roach x2  
  96  8:08  Overlord  
  96  8:09  Roach x2  
  96  8:11  Roach  
  102  8:18  Roach x3  
  108  8:23  Hydralisk Den  
  108  8:24  Drone x3  
  108  8:26  Roach x2  
  114  8:29  Queen  
  115  8:35  Drone x3  
  118  8:41  Queen, Drone  
  118  8:42  Drone x2  
  118  8:47  Roach  
  118  8:48  Roach x3  
  130  9:00  Drone x2  
  130  9:01  Overlord x4  
  130  9:10  Roach x5  
  130  9:12  Ravager x5  
  145  9:18  Lurker Den  
  144  9:24  Zerg Missile Weapons Level 2, Hive  
  144  9:27  Drone  
  144  9:28  Evolution Chamber  
  144  9:38  Roach x8  
  160  9:47  Overlord x3  
  160  9:50  Extractor x2  
  160  9:51  Drone x5  
  160  9:52  Drone  
  164  9:58  Drone x6  
  164  10:02  Drone  
  164  10:03  Drone x2  
  165  10:07  Zerg Ground Armor Level 1  
  165  10:09  Drone  
  166  10:16  Hydralisk  
  166  10:17  Hydralisk x3  
  174  10:30  Hydralisk x6  
  169  10:38  Viper x2  
  169  10:39  Viper  
  169  10:41  Seismic Spines  
  173  10:46  Spine Crawler  
  173  10:47  Drone, Spine Crawler x2  
  175  10:50  Roach x2  
  169  10:58  Roach x6  
  169  11:02  Overlord x2  
  181  11:08  Roach x4  
  166  11:19  Roach x6  
  172  11:30  Lurker x4  
  172  11:31  Roach x5  
  172  11:32  Roach  
  188  11:44  Roach x7  
  154  11:56  Hatchery  
  154  11:58  Hydralisk  
  154  11:59  Hydralisk x3  
  161  12:10  Viper, Drone x3  
  161  12:13  Extractor, Drone x3  
  169  12:23  Roach x5  
  172  12:33  Hydralisk x5  
  181  12:48  Hydralisk x6  
  181  12:50  Lurker  
  193  13:01  Spine Crawler  
  192  13:13  Lurker x7  
  192  13:14  Lurker  
  200  13:21  Zerg Ground Armor Level 2  
  200  13:22  Zerg Missile Weapons Level 3  
  190  13:36  Zergling x20  
  200  13:46  Zergling x4  
  198  13:59  Muscular Augments, Adrenal Glands  
  194  14:03  Hydralisk x3  
  174  14:19  Hydralisk x14  
  170  14:24  Zergling x20  
  158  14:34  Hydralisk x7  
  158  14:40  Zergling x2  
  158  14:41  Adaptive Talons  
  145  14:47  Zergling x10  
  145  14:48  Extractor  
  136  14:57  Drone x5  
  139  15:04  Lurker x4  
  142  15:10  Grooved Spines  
  139  15:19  Drone x12  
  136  15:26  Lurker x4  
  140  15:29  Spine Crawler  
  140  15:30  Spore Crawler  
  140  15:32  Extractor, Drone x3  
  140  15:33  Drone x5  
  140  15:34  Lurker  
  146  15:38  Lurker  
  143  15:46  Lurker x2  
  143  15:47  Zergling x4  
  143  15:48  Zergling x14  
  153  15:53  Drone x3  
  153  16:08  Queen  
  153  16:10  Zerg Melee Weapons Level 1  
  153  16:11  Zerg Ground Armor Level 3  
  144  16:28  Hatchery  
  144  16:32  Drone x3  
  144  16:33  Drone  
  144  16:34  Zergling x10  
  144  16:35  Zergling x2  
  144  16:39  Hatchery, Lurker x3  
  153  16:43  Drone x2  
  153  16:46  Drone x2  
  157  17:02  Zergling x24  
  170  17:14  Hydralisk x3  
  175  17:19  Hatchery  
  175  17:20  Overlord x2  
  173  17:29  Hydralisk  
  167  17:30  Hydralisk x3  
  162  17:43  Hydralisk x5  
  145  17:55  Hydralisk x5  
  153  18:09  Lurker x8  
  146  18:20  Lurker x3  
  146  18:21  Hydralisk x4  
  156  18:31  Hydralisk x4  
  164  18:41  Hydralisk x4  
  164  18:43  Overseer  
  164  18:44  Overseer  
  169  19:02  Hydralisk x9  
  178  19:24  Hydralisk x7  
  163  19:42  Hydralisk x7  
  168  19:47  Hydralisk x2  
  164  19:55  Hydralisk x2  
  144  20:03  Hydralisk x3  
  132  20:07  Hydralisk x2  
  124  20:15  Hydralisk x2  
  124  20:21  Hydralisk x2  
  125  20:31  Hydralisk x3  
  125  20:35  Hydralisk x2  
  125  20:48  Hydralisk x4  
  90  21:06  Hydralisk x3  
  90  21:08  Hydralisk x2  
  84  21:29  Hydralisk x3  
  84  21:30  Hydralisk  
  81  21:36  Viper  
  81  21:39  Hydralisk  
  82  21:40  Hydralisk  
  81  21:51  Hydralisk x2  
  81  21:52  Hydralisk  
  79  21:58  Hydralisk  
  73  22:03  Hydralisk  
  75  22:21  Hatchery  
Show
View Real Time Build Order
Export as new Build Order

Astrea Protoss 

Build Orders: Nexus First, Phoenix Opening, Carriers 

Get SALT Encoding   

  12  0:00  Probe  
  13  0:12  Probe  
  14  0:17  Pylon  
  14  0:24  Probe  
  15  0:36  Probe  
  16  0:49  Probe  
  17  0:57  Nexus  
  17  1:07  Gateway  
  17  1:11  Probe (Chrono Boost)  
  17  1:16  Assimilator  
  18  1:21  Probe (Chrono Boost)  
  18  1:24  Assimilator  
  19  1:26  Probe (Chrono Boost)  
  20  1:37  Probe  
  21  1:47  Gateway  
  21  1:50  Probe  
  22  1:55  Cybernetics Core  
  22  1:59  Cybernetics Core  
  22  2:04  Probe (Chrono Boost)  
  22  2:07  Pylon  
  23  2:09  Probe (Chrono Boost)  
  25  2:19  Probe x2 (Chrono Boost)  
  26  2:24  Probe (Chrono Boost)  
  26  2:26  Probe  
  28  2:33  Adept (Chrono Boost)  
  28  2:35  Probe  
  33  2:39  Probe  
  33  2:40  Warp Gate  
  33  2:43  Adept (Chrono Boost)  
  34  2:48  Probe  
  34  2:51  Probe  
  36  2:56  Sentry  
  38  3:01  Probe  
  38  3:03  Probe  
  40  3:06  Sentry  
  40  3:11  Pylon  
  42  3:13  Probe  
  42  3:15  Probe  
  44  3:25  Sentry  
  46  3:29  Probe x2 (Chrono Boost)  
  46  3:31  Nexus, Phoenix  
  46  3:33  Pylon  
  48  3:38  Sentry  
  52  3:41  Phoenix, Probe x2 (Chrono Boost)  
  52  3:49  Probe (Chrono Boost)  
  52  3:50  Probe (Chrono Boost)  
  52  3:51  Sentry  
  52  3:53  Assimilator  
  52  3:54  Assimilator  
  56  3:55  Probe x2  
  58  4:07  Probe x2  
  60  4:10  Forge, Twilight Council  
  60  4:13  Phoenix  
  60  4:19  Probe x2  
  60  4:22  Gateway x2  
  62  4:29  Robotics Facility  
  62  4:34  Pylon  
  62  4:42  Probe x2  
  65  4:46  Shield Battery  
  65  4:48  Blink (Chrono Boost)  
  65  4:52  Dark Shrine  
  65  4:55  Stalker, Zealot  
  68  5:01  Shield Battery  
  68  5:02  Photon Cannon  
  68  5:03  Shield Battery  
  68  5:05  Shield Battery  
  68  5:16  Photon Cannon, Stalker x2  
  68  5:20  Stalker  
  74  5:25  Stalker  
  74  5:27  Pylon  
  76  5:33  Stalker  
  76  5:35  Stalker  
  70  5:47  Zealot  
  70  5:49  Stalker  
  68  5:53  Probe  
  61  6:00  Probe  
  60  6:06  Dark Templar x2  
  60  6:08  Dark Templar, Probe  
  60  6:09  Probe  
  60  6:12  Probe  
  57  6:21  Probe  
  57  6:22  Stalker  
  57  6:24  Probe  
  61  6:33  Probe  
  61  6:36  Probe  
  61  6:38  Protoss Ground Weapons Level 1 (Chrono Boost), Stalker  
  61  6:39  Stalker  
  65  6:44  Pylon  
  65  6:45  Pylon x3  
  64  7:02  Probe x2  
  64  7:03  Observer  
  64  7:05  Stalker x2  
  64  7:06  Stalker  
  64  7:08  Stalker  
  75  7:10  Nexus  
  75  7:14  Probe x2  
  77  7:17  Robotics Bay  
  77  7:22  Pylon  
  77  7:29  Probe  
  78  7:31  Probe  
  78  7:34  Warp Prism (Chrono Boost)  
  81  7:41  Probe  
  81  7:43  Probe  
  83  7:53  Charge, Probe  
  83  7:55  Probe  
  85  8:00  Stalker x2  
  85  8:02  Shield Battery  
  85  8:05  Pylon  
  89  8:06  Probe  
  89  8:07  Disruptor (Chrono Boost), Probe  
  94  8:21  Probe x2  
  94  8:24  Archon  
  94  8:25  Probe  
  97  8:28  Assimilator x2  
  97  8:31  Stalker x3  
  97  8:33  Probe x2  
  105  8:35  Robotics Facility  
  105  8:37  Probe  
  105  8:40  Protoss Ground Weapons Level 2 (Chrono Boost)  
  104  8:42  Disruptor  
  107  8:49  Gateway  
  107  8:52  Stalker  
  107  8:53  Gateway  
  109  9:06  Stalker x3  
  115  9:18  Pylon  
  115  9:21  Pylon  
  115  9:30  Gateway  
  115  9:36  Disruptor x2  
  115  9:37  Stalker x2  
  125  9:42  Pylon x2  
  125  9:51  Nexus  
  125  10:10  Pylon, Stalker x6  
  125  10:12  Disruptor x2  
  125  10:14  Photon Cannon  
  133  10:39  Stalker x5  
  133  10:40  Stalker x2  
  144  10:43  Probe x3  
  144  10:45  Shield Battery, Photon Cannon  
  144  10:49  Pylon  
  143  10:58  Disruptor (Chrono Boost)  
  143  10:59  Probe x2  
  143  11:02  Disruptor (Chrono Boost)  
  145  11:24  Stalker x6  
  154  11:32  Observer (Chrono Boost), Probe x3  
  158  11:34  Assimilator, Photon Cannon  
  158  11:35  Assimilator  
  158  11:36  Templar Archives  
  158  11:37  Observer (Chrono Boost)  
  159  11:44  Zealot  
  149  11:54  Probe x4  
  150  11:55  Stalker x5  
  150  12:00  Disruptor (Chrono Boost)  
  163  12:02  Protoss Ground Weapons Level 3 (Chrono Boost)  
  163  12:06  Psionic Storm, Disruptor (Chrono Boost), Probe  
  167  12:21  Observer  
  167  12:29  Disruptor  
  166  12:46  Immortal  
  166  12:49  Photon Cannon  
  170  12:52  Photon Cannon  
  170  12:54  Photon Cannon  
  170  12:55  Shield Battery x2  
  170  12:58  Pylon, High Templar x4  
  176  12:59  Pylon  
  178  13:09  Pylon  
  178  13:10  Observer  
  178  13:12  Pylon, Gateway  
  178  13:14  Pylon  
  178  13:15  Gateway  
  178  13:16  Immortal  
  178  13:18  Protoss Air Weapons Level 1 (Chrono Boost)  
  182  13:25  Disruptor  
  185  13:47  Stargate  
  185  13:51  Pylon  
  180  14:01  Disruptor  
  170  14:23  Stalker x9  
  157  14:32  Disruptor  
  157  14:35  Oracle (Chrono Boost)  
  153  14:41  Fleet Beacon  
  153  14:42  Stargate  
  131  14:54  Stalker  
  131  14:55  Stalker x8  
  135  15:03  Observer  
  126  15:24  Disruptor  
  129  15:30  Nexus  
  129  15:33  Pylon, Zealot x2  
  129  15:34  Zealot x2, Carrier (Chrono Boost)  
  137  15:36  Pylon, Carrier (Chrono Boost)  
  137  15:40  Protoss Air Weapons Level 2 (Chrono Boost)  
  149  15:55  Photon Cannon, Probe  
  149  15:56  Shield Battery, Photon Cannon, Probe x2  
  152  16:00  Disruptor (Chrono Boost), Shield Battery  
  155  16:04  Assimilator  
  155  16:05  Zealot x5  
  143  16:27  Carrier (Chrono Boost)  
  143  16:29  Carrier (Chrono Boost)  
  145  16:33  Warp Prism (Chrono Boost)  
  153  16:40  Probe x3  
  156  16:47  Observer  
  156  16:52  Probe  
  157  16:57  Nexus  
  157  17:00  Observer  
  157  17:05  Disruptor  
  160  17:14  Zealot x4  
  160  17:15  Carrier (Chrono Boost)  
  163  17:42  Zealot x8  
  177  17:47  Carrier (Chrono Boost)  
  167  18:07  Zealot x6  
  176  18:15  Carrier (Chrono Boost)  
  176  18:35  Photon Cannon  
  176  18:38  High Templar, Carrier (Chrono Boost)  
  176  18:39  High Templar  
  176  18:40  Assimilator  
  174  19:16  Zealot x6  

Tags
 
Add a new tag
Caveats
  • Supply blocks, unpowered buildings, or Contaminate may cause inaccurate times.
  • Supply counts are checked every 10 seconds.